 Dungeon Crawl Stone Soup version 0.26-a0-1126-g3318b609a0 (webtiles) character file.

Game seed: 12020511435761037424

1442 vvl the Grappler (level 8, -3/74 HPs)
             Began as a Troll Monk on Dec 18, 2020.
             Slain by an orc warrior
             ... wielding a +0 hand axe
              (16 damage)
             ... on level 5 of the Dungeon.
             The game lasted 00:17:07 (4265 turns).

vvl the Grappler (Troll Monk)                       Turns: 4265, Time: 00:17:08

Health: -3/74      AC:  7    Str: 22    XL:     8   Next: 46%
Magic:  7/7        EV: 10    Int:  6    God:
Gold:   239        SH:  5    Dex: 12    Spells: 7/7 levels left

rFire    . . .     SeeInvis .     - Unarmed
rCold    . . .     Faith    .   (no shield)
rNeg     . . .     Spirit   .   a - +1 robe
rPois    .         Reflect  +   (helmet restricted)
rElec    .         Harm     .   (no cloak)
rCorr    +         Rampage  .   (gloves unavailable)
Will     .....                  (boots unavailable)
Stlth    ++........             c - amulet of reflection
HPRegen  0.62/turn              r - ring of resist corrosion
MPRegen  0.10/turn              (no ring)

@: lethally poisoned (-3 -> -7)
A: large, unfitting armour, claws 3, regeneration 1, shaggy fur 1, tough skin 3
a: no special abilities


You were on level 5 of the Dungeon.
You visited 1 branch of the dungeon, and saw 6 of its levels.
You also visited: Ossuary.

You collected 239 gold pieces.

Inventory:

Hand Weapons
 m - a +2 war axe of venom
 n - a +0 mace
 x - a cursed -3 short sword
 C - a +3 trident
 E - a +0 shortbow
Armour
 a - a +1 robe (worn)
Jewellery
 c - an amulet of reflection (around neck)
 d - a cursed ring of teleportation
 l - a cursed amulet of reflection
 p - a +4 ring of protection {unknown}
 r - a ring of resist corrosion (left claw)
 u - an uncursed ring of resist corrosion
Wands
 i - a wand of random effects (7)
Scrolls
 b - 3 scrolls of amnesia
 e - 4 scrolls of enchant armour
 g - 3 scrolls of fog {unknown}
 k - a scroll of magic mapping {unknown}
 o - 2 scrolls of remove curse {unknown}
 s - 4 scrolls of teleportation {unknown}
 v - 4 scrolls of immolation
 y - 3 scrolls of random uselessness
 D - a scroll of enchant weapon {unknown}
 F - a scroll of identify
Potions
 f - 7 potions of degeneration {unknown}
 h - a potion of might {unknown}
 j - a potion of heal wounds {unknown}
 q - 2 potions of resistance {unknown}
 t - 2 potions of haste
 w - a potion of curing {unknown}
 z - a potion of flight {unknown}
 A - 2 potions of lignification {unknown}
 B - a potion of invisibility {unknown}


   Skills:
 - Level 2.5 Fighting
 - Level 2.5 Dodging
 - Level 1.0 Stealth
 * Level 10.7 Unarmed Combat


You had 7 spell levels left.
You didn't know any spells.
Your spell library contained the following spells:

 Spells                   Type           Power        Failure   Level
 Confusing Touch          Hex            0%           83%         3
 Gell's Gravitas          Tloc           0%           83%         3
 Petrify                  Tmut/Erth      0%           99%         4
 Metabolic Englaciation   Hex/Ice        0%           100%        5
 Yara's Violent Unravell  Hex/Tmut       0%           100%        5


Dungeon Overview and Level Annotations

Branches:
Dungeon (6/15)            Ossuary (visited)
 Temple: D:4-7

Altars:
Nemelex Xobeh
Qazlal
Yredelemnul
The Shining One


Innate Abilities, Weirdness & Mutations

You are too large for most types of armour.
You have claws for hands.
Your natural rate of healing is unusually fast.
You are covered in fur. (AC +1)
You have extremely tough skin. (AC +3)


Message History

The scorpion stings you.
You are poisoned.
The scorpion poisons you! The bullfrog barely misses you.
The orc warrior hits you with a +0 hand axe!
You feel sick. The bullfrog barely misses you.
The orc wizard points at you and mumbles some strange words.
You resist with some effort. The scorpion stings you.
You are more poisoned.
The scorpion poisons you!
The orc warrior hits you with a +0 hand axe!
* * * LOW HITPOINT WARNING * * *
The bullfrog hits you.
* * * LOW HITPOINT WARNING * * *
You climb upwards.
You feel sick.
There is a stone staircase leading down here.
You completely miss the scorpion.
The scorpion is almost dead.
You feel sick. The scorpion barely misses you.
The orc warrior hits you with a +0 hand axe!
You die...

############################
..............Fo@so[.......#
###........###############.#
#........# #.# #........#
#####.# # #........# #.....#
# #........# #.#####
###........# #.#
.##........# #.#
.##.....####### ######.#


You could see an orc warrior, a bullfrog, a scorpion and an orc wizard.

Vanquished Creatures
  Menkaure (D:4)
  An ice beast (D:5)
  A necrophage (D:5)
  A centaur (D:5)
  An elf skeleton (D:4)
  A scorpion (D:4)
  2 centaur zombies
  2 hounds (D:4)
  3 human zombies
  An iguana (D:4)
  3 orc priests
  2 orc wizards (D:5)
  2 human skeletons (D:4)
  6 worker ants
  A big kobold zombie (Ossuary)
  5 mummies (Ossuary)
  2 worker ant zombies (D:5)
  A gnoll (D:5)
  9 adders
  A river rat (D:5)
  A white imp (D:5)
  An ufetubus (D:5)
  An ooze (D:3)
  An adder zombie (D:5)
  5 worms
  2 dart slugs
  4 leopard geckos
  19 orcs
  6 bats
  5 giant cockroaches
  9 goblins
  4 hobgoblins
  13 jackals
  8 kobolds
  A quokka (D:4)
  2 ball pythons (D:2)
  9 frilled lizards
  2 goblin zombies (Ossuary)
  A hobgoblin zombie (Ossuary)
  2 kobold zombies (Ossuary)
  An orc skeleton (D:4)
  11 rats
154 creatures vanquished.

Vanquished Creatures (others)
  4 toadstools (D:1)
4 creatures vanquished.

Grand Total: 158 creatures vanquished

Notes
Turn   | Place    | Note
-------+----------+-------------------------------------------
     0 | D:1      | vvl the Troll Monk began the quest for the Orb.
     0 | D:1      | Reached XP level 1. HP: 22/22 MP: 0/0
    62 | D:1      | Reached XP level 2. HP: 28/29 MP: 1/1
   278 | D:1      | Reached XP level 3. HP: 36/36 MP: 2/2
   285 | D:1      | Reached skill level 4 in Unarmed Combat
   443 | D:2      | You fall into a shaft and drop 1 floor!
   609 | D:2      | Reached XP level 4. HP: 35/44 MP: 3/3
   619 | D:2      | Reached skill level 5 in Unarmed Combat
   803 | D:2      | Found a basalt altar of Yredelemnul.
  1127 | D:2      | Found a sparkling altar of Nemelex Xobeh.
  1317 | D:3      | Found a stormy altar of Qazlal.
  1347 | D:3      | Reached XP level 5. HP: 48/50 MP: 4/4
  1449 | D:3      | Found a glowing golden altar of the Shining One.
  1856 | D:4      | Reached skill level 6 in Unarmed Combat
  2008 | D:4      | Noticed Menkaure
  2014 | D:4      | Killed Menkaure
  2015 | D:4      | Reached skill level 7 in Unarmed Combat
  2015 | D:4      | Reached XP level 6. HP: 59/59 MP: 5/5
  2285 | D:4      | Reached XP level 7. HP: 66/66 MP: 6/6
  2298 | D:4      | Reached skill level 8 in Unarmed Combat
  2316 | D:4      | Found a sand-covered staircase.
  2324 | Ossuary  | Entered an ossuary
  2570 | D:4      | Reached skill level 9 in Unarmed Combat
  3064 | D:5      | Entered Level 5 of the Dungeon
  3142 | D:5      | Reached XP level 8. HP: 72/74 MP: 7/7
  3328 | D:5      | Reached skill level 10 in Unarmed Combat
  4265 | D:5      | Slain by an orc warrior

Illustrated notes

Levels and vault maps discovered:
D:1:      ldierk_walled_garden_2, layout_basic
D:2:      layout_basic, nemelex_altar_shiori, st_stairs_9,
          yredelemnul_altar_generic
D:3:      layout_loops_cross, nicolae_tso_swordbearing_angel,
          nicolae_qazlal_general_emergency
D:4:      layout_basic, nicolae_ossuary_entry_catacombs, uniq_menkaure
D:5:      kennysheep_spiral_hall, layout_basic, gup_sewer_entry_spiral
D:6:      layout_cave_pools, uniq_sigmund

Skill      XL: |  1  2  3  4  5  6  7  8 |
---------------+-------------------------+-----
Unarmed Combat | 4 5 7 9 10 | 10.7
Fighting       | |  2.5
Dodging        | |  2.5
Stealth        | |  1.0

Action                   |  1- 3 |  4- 6 |  7- 9 || total
-------------------------+-------+-------+-------++-------
Melee: Unarmed           |    84 |   137 |   207 ||   428
       Punch             |     1 |     2 |     4 ||     7
  Use: Scroll            |       |       |     7 ||     7
 Stab: Sleeping          |       |     3 |     2 ||     5
       Distracted        |       |     1 |     1 ||     2
Armor: Robe              |    47 |    42 |    50 ||   139
Dodge: Dodged            |    53 |    54 |    81 ||   188
Block: Other             |       |       |    20 ||    20

Table legend: (Time is in decaauts)
 A = Elapsed time spent in this place.
 B = Non-inter-level travel time spent in this place.
 C = Inter-level travel time spent in this place.
 D = Time resting spent in this place.
 E = Time spent auto-exploring this place.
 F = Levels seen in this place.
 G = Mean time per level.
                   A        B        C        D        E       F      G
               +--------+--------+--------+--------+--------+-----+--------+
         Total |   4253 |   3586 |    667 |    185 |   2544 |   7 |  607.6 |
       Dungeon |   4037 |   3370 |    667 |    185 |   2412 |   6 |  672.8 |
       Ossuary |    215 |    215 |      0 |      0 |    132 |   1 |  215.0 |
               +--------+--------+--------+--------+--------+-----+--------+

Top non-repeatable levels by time:
     D:5: 1210 daAuts
     D:4: 1004 daAuts
     D:2: 811 daAuts
     D:3: 633 daAuts
     D:1: 370 daAuts
 Ossuary: 215 daAuts
     D:6: 7 daAuts
